 Dungeon Crawl Stone Soup version 0.24.0-123-gd5b16e6ec5 (webtiles) character file.

Game seed: 17767423920833304022, levelgen mode: deterministic

11410 Emblim88 the Basher (level 11, -10/107 HPs)
             Began as a Troll Berserker on Jan 13, 2020.
             Was a High Priest of Trog.
             Mangled by a white ugly thing (33 damage)
             ... on level 11 of the Dungeon.
             The game lasted 00:33:46 (8226 turns).

Emblim88 the Basher (Troll Berserker)               Turns: 8226, Time: 00:33:47

Health: -10/107    AC:  8    Str: 28    XL:     11   Next: 48%
Magic:  14/14      EV: 14    Int:  8    God:    Trog [*****.]
Gold:   736        SH:  0    Dex: 17    Spells: 10/10 levels left

rFire    + . .     SeeInvis .   O - +0 giant spiked club
rCold    . . .     Gourm    +   (shield currently unavailable)
rNeg     . . .     Faith    .   t - +2 robe {rF+}
rPois    .         Spirit   .   S - +0 hat of Pathos {Int+2 Dex+4 Stlth-}
rElec    .         Reflect  .   o - scarf {repulsion}
rCorr    .         Harm     .   (gloves unavailable)
MR       +....                  (boots unavailable)
Stlth    +.........             (no amulet)
HPRegen  0.67/turn              K - ring of Hoorysh {MR+ Str-5 Int+3 Slay+3}
MPRegen  0.14/turn              s - ring "Ocvecott" {Str+3 Dex+4}

@: repel missiles
A: large, unfitting armour, claws 3, fast metabolism 3, gourmand, regeneration
1, shaggy fur 1, tough skin 3
a: Berserk, Trog's Hand, Brothers in Arms, Renounce Religion


You were on level 11 of the Dungeon.
You worshipped Trog.
Trog was extremely pleased with you.
You were not hungry.

You visited 1 branch of the dungeon, and saw 11 of its levels.

You collected 736 gold pieces.

Inventory:

Hand Weapons
 O - a +0 giant spiked club (weapon)
 P - a +3 hunting sling of velocity
Missiles
 b - 75 poisoned darts (quivered)
 Q - 23 sling bullets
Armour
 o - a scarf of repulsion (worn)
 t - a +2 robe of fire resistance (worn)
 S - the +0 hat of Pathos (worn) {Int+2 Dex+4 Stlth-}
   (You found it on level 10 of the Dungeon)

   It affects your intelligence (+2).
   It affects your dexterity (+4).
   It makes you less stealthy.
Jewellery
 j - a +3 ring of evasion
 r - an uncursed ring of protection from fire
 s - the ring "Ocvecott" (right claw) {Str+3 Dex+4}
   (You found it on level 5 of the Dungeon)

   [ring of strength]

   It affects your strength (+3).
   It affects your dexterity (+4).
 K - the ring of Hoorysh (left claw) {MR+ Str-5 Int+3 Slay+3}
   (You found it on level 10 of the Dungeon)

   [ring of intelligence]

   It affects your strength (-5).
   It affects your intelligence (+3).
   It affects your accuracy and damage with ranged weapons and melee attacks
   (+3).
   It affects your resistance to hostile enchantments.
 M - a +4 ring of dexterity
Wands
 f - a wand of disintegration (12)
 i - a wand of digging (13)
 v - a wand of iceblast (14)
 A - a wand of paralysis (18)
 C - a wand of random effects (21)
 D - a wand of clouds (2)
 J - a wand of flame (22)
Scrolls
 d - 6 scrolls of remove curse
 e - 3 scrolls of teleportation
 m - a scroll of fear
 y - 4 scrolls of fog {unknown}
 z - 2 scrolls of immolation {unknown}
 B - 4 scrolls of magic mapping
 E - a scroll of holy word
 G - a scroll of vulnerability {unknown}
 H - a scroll of summoning
 I - 3 scrolls of enchant weapon {unknown}
 L - a scroll of random uselessness
 N - a scroll of enchant armour
Potions
 a - a potion of resistance
 g - 4 potions of brilliance
 k - 2 potions of agility
 l - 3 potions of magic
 n - a potion of lignification
 p - a potion of heal wounds
 u - a potion of berserk rage
 w - 4 potions of might
Comestibles
 c - 25 rations


   Skills:
 + Level 6.9 Fighting
 * Level 10.2 Maces & Flails
 + Level 7.0 Dodging
 + Level 7.1 Unarmed Combat
 + Level 5.3 Evocations


You had 10 spell levels left.
You didn't know any spells.
Your spell library was empty.

Dungeon Overview and Level Annotations

Branches:
Dungeon (11/15)            Temple (0/1) D:6
   Lair: D:8-11         Orc: D:9-12

Altars:
Nemelex Xobeh
Okawaru
Xom
Zin

Shops:
D:9 (

Annotations:
D:2 1 runed translucent door, Crazy Yiuf


Innate Abilities, Weirdness & Mutations

You are too large for most types of armour.
You have claws for hands.
Your metabolism is lightning-fast.
You like to eat raw meat.
Your natural rate of healing is unusually fast.
You are covered in fur. (AC +1)
You have extremely tough skin. (AC +3)


Message History

You closely miss the white ugly thing.
The white ugly thing is heavily wounded.
The white ugly thing claws you! The white ugly thing freezes you!
The white ugly thing completely misses you.
You closely miss the white ugly thing.
The white ugly thing is heavily wounded.
The white ugly thing claws you. The white ugly thing freezes you!!
You impale the white ugly thing!!
The white ugly thing is almost dead.
The white ugly thing claws you! The white ugly thing freezes you!!
* * * LOW HITPOINT WARNING * * *
Okay, then.
You feel much better. The white ugly thing claws you!
* * * LOW HITPOINT WARNING * * *
The white ugly thing freezes you!
* * * LOW HITPOINT WARNING * * *
You feel much better. The white ugly thing claws you!
* * * LOW HITPOINT WARNING * * *
The white ugly thing freezes you!!
You die... ######### YY.uY.YY#

#u# #@# #.#
###.###
#.....#
########.....#
#......<.....#
...#####.....#
#.....#
###.#.#


You could see a white ugly thing and 2 yaks.

Vanquished Creatures
  A two-headed ogre (D:10)
  2 fire crabs (D:10)
  The ghost of Tartanist the Destroyer, a novice DrCj of Vehumet (D:7)
  An unseen horror (D:10)
  Pikel (D:6)
  Joseph (D:10)
  Sigmund (D:2)
  21 yaks
  A fire bat (D:10)
  2 fire elementals (D:10)
  Edmund (D:4)
  A hell hound (D:10)
  5 ice beasts
  3 orc warriors
  A phantom (D:5)
  A sky beast (D:6)
  A necrophage (D:7)
  An eye of draining (D:4)
  6 ogres
  5 centaurs
  3 bullfrogs
  A big kobold (D:10)
  A gnoll sergeant (D:7)
  5 scorpions
  A wyvern skeleton (D:9)
  3 killer bees (D:8)
  A wight (D:6)
  4 howler monkeys
  3 crimson imps
  A bullfrog zombie (D:5)
  2 quasits (D:7)
  A jelly (D:10)
  A centaur zombie (D:5)
  3 hounds
  5 orc priests
  7 orc wizards
  A bullfrog skeleton (D:8)
  6 iguanas
  Terence (D:2)
  7 worker ants
  A killer bee zombie (D:9)
  A hound skeleton (D:7)
  17 adders
  6 gnolls
  A shadow imp (D:7)
  An ooze (D:5)
  2 worms
  3 dart slugs
  8 leopard geckos
  26 orcs
  8 bats
  7 giant cockroaches
  7 goblins
  6 hobgoblins
  8 jackals
  8 quokkas
  3 ball pythons
  3 frilled lizards
  14 kobolds
  A leopard gecko skeleton (D:5)
  A leopard gecko zombie (D:7)
  4 rats
250 creatures vanquished.

Vanquished Creatures (collateral kills)
  A killer bee (D:8)
1 creature vanquished.

Vanquished Creatures (others)
  3 slaves (D:6)
  2 wights (D:6)
  An orc (D:6)
  A jackal (D:6)
7 creatures vanquished.

Grand Total: 258 creatures vanquished

Notes
Turn   | Place    | Note
-------+----------+-------------------------------------------
     0 | D:1      | Emblim88 the Troll Berserker began the quest for the Orb.
     0 | D:1      | Reached XP level 1. HP: 22/22 MP: 0/0
    96 | D:1      | Reached XP level 2. HP: 25/29 MP: 1/1
   236 | D:1      | Reached skill level 3 in Maces & Flails
   579 | D:2      | Reached XP level 3. HP: 29/36 MP: 2/2
   585 | D:2      | Reached XP level 4. HP: 28/45 MP: 3/3
   655 | D:2      | Noticed Terence
   661 | D:2      | Killed Terence
   661 | D:2      | Reached ** piety under Trog
   669 | D:2      | Reached XP level 5. HP: 53/53 MP: 4/4
   786 | D:2      | Found a runed translucent door.
   787 | D:2      | Noticed Crazy Yiuf
   949 | D:2      | Found a shimmering altar of Xom.
   950 | D:2      | Found a shimmering altar of Xom.
   951 | D:2      | Found a shimmering altar of Xom.
  1212 | D:2      | Reached skill level 4 in Maces & Flails
  1304 | D:2      | Noticed Sigmund
  1314 | D:2      | Killed Sigmund
  1314 | D:2      | Reached skill level 1 in Unarmed Combat
  1314 | D:2      | Reached XP level 6. HP: 62/62 MP: 5/5
  1550 | D:3      | Reached skill level 1 in Evocations
  2392 | D:4      | Reached XP level 7. HP: 66/68 MP: 6/6
  2416 | D:4      | Reached *** piety under Trog
  2525 | D:4      | Reached skill level 5 in Maces & Flails
  2714 | D:4      | Noticed Edmund
  2726 | D:4      | Killed Edmund
  2965 | D:5      | Entered Level 5 of the Dungeon
  3097 | D:5      | Reached XP level 8. HP: 73/78 MP: 8/8
  3139 | D:5      | Got a crude silver ring
  3146 | D:5      | Identified the ring "Ocvecott" {Str+3 Dex+4} (You found it
                  | on level 5 of the Dungeon)
  3315 | D:5      | Reached skill level 6 in Maces & Flails
  3635 | D:6      | Noticed Pikel
  3660 | D:6      | Killed Pikel
  3660 | D:6      | Reached skill level 5 in Dodging
  3664 | D:6      | Reached XP level 9. HP: 73/87 MP: 8/10
  3722 | D:6      | Reached skill level 5 in Fighting
  3732 | D:6      | Reached skill level 7 in Maces & Flails
  3869 | D:6      | Reached **** piety under Trog
  4164 | D:6      | Found a staircase to the Ecumenical Temple.
  4351 | D:7      | Found a transporter.
  4378 | D:7      | Found a transporter.
  4445 | D:7      | Found an iron altar of Okawaru.
  4735 | D:7      | Reached skill level 5 in Unarmed Combat
  4767 | D:7      | Reached skill level 8 in Maces & Flails
  4937 | D:7      | Noticed Tartanist's ghost (novice DrCj)
  5189 | D:7      | Killed Tartanist's ghost
  5189 | D:7      | Reached XP level 10. HP: 98/98 MP: 10/12
  5193 | D:7      | Reached ***** piety under Trog
  5925 | D:8      | Found a sparkling altar of Nemelex Xobeh.
  6410 | D:9      | Reached skill level 9 in Maces & Flails
  6770 | D:9      | Found Ciceut's Antique Weapon Emporium.
  6934 | D:10     | Entered Level 10 of the Dungeon
  6985 | D:10     | Noticed Joseph
  6996 | D:10     | Killed Joseph
  7123 | D:10     | Found a transporter.
  7127 | D:10     | Noticed a fire crab
  7223 | D:10     | Reached XP level 11. HP: 99/107 MP: 13/13
  7284 | D:10     | Noticed a two-headed ogre
  7290 | D:10     | Killed a two-headed ogre
  7290 | D:10     | Reached skill level 5 in Evocations
  7371 | D:10     | Found a glowing silver altar of Zin.
  7386 | D:10     | Received a gift from Trog
  7572 | D:10     | Found a transporter.
  7618 | D:10     | Killed an unseen horror
  7844 | D:10     | Noticed a fire crab
  7908 | D:10     | Killed a fire crab
  7908 | D:10     | Reached skill level 10 in Maces & Flails
  7909 | D:10     | Killed a fire crab
  7909 | D:10     | Received a gift from Trog
  8113 | D:10     | Got a wavering bronze ring
  8118 | D:10     | Got a faintly glowing hat
  8129 | D:10     | Identified the +0 hat of Pathos {Int+2 Dex+4 Stlth-} (You
                  | found it on level 10 of the Dungeon)
  8130 | D:10     | Identified the ring of Hoorysh {MR+ Str-5 Int+3 Slay+3}
                  | (You found it on level 10 of the Dungeon)
  8211 | D:11     | Noticed a white ugly thing
  8226 | D:11     | Mangled by a white ugly thing

Levels and vault maps discovered:
D:1:      lemuel_arrival_funnel, layout_rooms
D:2:      layout_loops_ring, xom_redecorated, uniq_crazy_yiuf_cottage,
          uniq_sigmund, uniq_terence
D:3:      minmay_chambers_of_threes, layout_basic, st_stairs_1
D:4:      layout_loops_ring, minmay_fractal_squares_gapless_5, uniq_edmund
D:5:      layout_basic, first_ration, minmay_misc_feat_cross
D:6:      layout_basic, temple_green, grunt_ministairs_7, uniq_pikel
D:7:      layout_loops_ring, gammafunk_ghost_stat_death,
          kennysheep_okawaru_gauntlet
D:8:      layout_loops_ring, lemuel_coloured_pillars_altar
D:9:      layout_roguey, serial_shops, shop_coins
D:10:     gammafunk_cloud_chamber, layout_stronghold, basic_altar,
          grunt_ogre_cave, uniq_joseph
D:11:     layout_loops_ring, lair_entry_dummy, fedhas_bush_and_centaur_altar

Skill      XL: |  1  2  3  4  5  6  7  8  9 10 11 |
---------------+----------------------------------+-----
Maces & Flails | 3 4 5 6 8 9 10 | 10.2
Fighting       | 3 4 5 6 |  6.9
Dodging        | 3 4 5 6 7 |  7.0
Unarmed Combat | 1 2 4 5 6 7 |  7.1
Evocations     | 1 2 3 4 5 |  5.3

Action                   |  1- 3 |  4- 6 |  7- 9 | 10-12 || total
-------------------------+-------+-------+-------+-------++-------
Melee: Mace              |    75 |   214 |    76 |       ||   365
       Punch             |       |     1 |       |       ||     1
       Flail             |       |       |    27 |       ||    27
       Giant club        |       |       |   310 |    64 ||   374
       Giant spiked club |       |       |       |   213 ||   213
Invok: Berserk           |     1 |     2 |     3 |     3 ||     9
       Trog's Hand       |       |       |       |     2 ||     2
Evoke: Wand              |       |       |     4 |     3 ||     7
  Use: Scroll            |     4 |       |     6 |    10 ||    20
       Potion            |       |       |       |     4 ||     4
 Stab: Sleeping          |     1 |     3 |     1 |       ||     5
       Confused          |       |       |       |     3 ||     3
  Eat: Chunk             |     3 |    28 |    27 |    28 ||    86
Armor: Animal skin       |    36 |    30 |       |       ||    66
       Robe              |       |    37 |   148 |   117 ||   302
Dodge: Dodged            |    53 |   170 |   370 |   300 ||   893
       Deflected         |       |     4 |     6 |     6 ||    16
